General information
- name: BNet
- type: Ladder team game (AT/RT)
- host: Battle.net
- saver: sc2no.wc4yes
map: GolemsInTheMist
- players: 8
- length: 26:11
- speed: Fast
- version: 1.24 W3XP
- replay type: Public
» download(122 KB)
Players
team 1 (loser)
chocolord (
red | 26 APM | 680 actions | 26:08)
4 Archmage
2 Summon Water Elemental
2 Brilliance Aura
1 Paladin
1 Holy Light
1 Blademaster
1 Wind Walk
» actions
| Assign group hotkey | 48 | |
| Basic commands | 15 | |
| Build / train | 49 | |
| Enter build submenu | 24 | |
| Enter hero's abilities submenu | 6 | |
| Give item / drop item | 3 | |
| Right click | 206 | |
| Select / deselect | 176 | |
| Select group hotkey | 109 | |
| Use ability | 44 | |
680 total
» units
| Peasant | 14 | |
| Footman | 4 | |
| Rifleman | 6 | |
| Dragonhawk Rider | 1 | |
| Mortar Team | 2 | |
| Flying Machine | 4 | |
31 total
» upgrades
| Masonry | 1 | |
| Swords | 1 | |
| Gunpowder | 1 | |
| Plating | 1 | |
| Armor | 1 | |
| Long Rifles | 1 | |
6 total
» buildings
| Farm | 8 | |
| Altar of Kings | 1 | |
| Barracks | 1 | |
| Lumber Mill | 1 | |
| Blacksmith | 1 | |
| Arcane Vault | 3 | |
| Keep | 1 | |
| Gryphon Aviary | 1 | |
| Workshop | 1 | |
| Castle | 1 | |
| Scout Tower | 1 | |
| Guard Tower | 1 | |
| Town Hall | 1 | |
22 total
» build order
00:43 Farm
00:46 Altar of Kings
00:51 Farm
01:07 Barracks
01:16 Lumber Mill
02:28 Blacksmith
02:42 Farm
03:25 Farm
03:32 Arcane Vault
04:06 Farm
04:47 Farm
05:31 Keep
05:39 Farm
07:18 Arcane Vault
07:45 Arcane Vault
08:02 Gryphon Aviary
08:38 Workshop
09:51 Castle
09:53 Farm
09:57 Scout Tower
12:02 Guard Tower
15:03 Town Hall
EveryTimeIDie_ (
orange | 63 APM | 1193 actions | 19:00)
4 Shadow Hunter
2 Hex
2 Healing Wave
» actions
| Assign group hotkey | 68 | |
| Build / train | 39 | |
| ESC pressed | 5 | |
| Enter build submenu | 24 | |
| Enter hero's abilities submenu | 4 | |
| Give item / drop item | 1 | |
| Right click | 558 | |
| Select / deselect | 250 | |
| Select group hotkey | 156 | |
| Use ability | 88 | |
1193 total
» units
| Peon | 7 | |
| Grunt | 2 | |
| Troll Headhunter/Berserker | 4 | |
| Wind Rider | 2 | |
| Raider | 8 | |
23 total
» upgrades
| Armor | 1 | |
| Ranged Weapons | 1 | |
| Pillage | 1 | |
| Ensnare | 1 | |
| Melee Weapons | 1 | |
5 total
» buildings
| Altar of Storms | 1 | |
| Orc Burrow | 6 | |
| Barracks | 1 | |
| War Mill | 1 | |
| Stronghold | 2 | |
| Voodoo Lounge | 1 | |
| Beastiary | 2 | |
| Fortress | 1 | |
| Watch Tower | 6 | |
| Great Hall | 1 | |
22 total
» build order
00:07 Altar of Storms
00:09 Orc Burrow
00:47 Barracks
01:29 Orc Burrow
01:45 War Mill
03:05 Stronghold
03:20 Orc Burrow
04:14 Voodoo Lounge
05:33 Beastiary
05:35 Beastiary
05:58 Fortress
07:31 Watch Tower
07:33 Watch Tower
08:27 Watch Tower
08:51 Watch Tower
10:53 Great Hall
10:55 Orc Burrow
15:40 Orc Burrow
15:43 Orc Burrow
16:47 Stronghold
18:04 Watch Tower
18:10 Watch Tower
» items
| Healing Salve | 1 | |
| Lesser Clarity Potion | 1 | |
| Scroll of Speed | 1 | |
3 total

»
l337er (
purple | 54 APM | 1265 actions | 23:38)
3 Blademaster
2 Critical Strike
1 Wind Walk
» actions
| Assign group hotkey | 1 | |
| Basic commands | 33 | |
| Build / train | 65 | |
| Enter build submenu | 22 | |
| Enter hero's abilities submenu | 3 | |
| Right click | 504 | |
| Select / deselect | 588 | |
| Select group hotkey | 1 | |
| Use ability | 48 | |
1265 total
» units
| Peon | 16 | |
| Wind Rider | 20 | |
| Troll Batrider | 7 | |
43 total
» upgrades
| Ranged Weapons | 3 | |
| Armor | 2 | |
| Liquid Fire | 1 | |
| Envenomed Spears | 1 | |
7 total
» buildings
| Altar of Storms | 1 | |
| Voodoo Lounge | 1 | |
| Orc Burrow | 6 | |
| Stronghold | 1 | |
| War Mill | 1 | |
| Fortress | 2 | |
| Watch Tower | 9 | |
| Beastiary | 4 | |
25 total
» build order
00:10 Altar of Storms
00:21 Voodoo Lounge
01:26 Orc Burrow
02:11 Stronghold
02:26 War Mill
03:20 Orc Burrow
04:38 Orc Burrow
05:03 Fortress
05:29 Watch Tower
05:38 Watch Tower
05:41 Watch Tower
05:50 Watch Tower
05:52 Watch Tower
06:37 Watch Tower
06:42 Watch Tower
07:49 Beastiary
07:52 Beastiary
08:01 Beastiary
09:05 Beastiary
12:03 Watch Tower
14:35 Orc Burrow
14:36 Orc Burrow
14:36 Orc Burrow
15:39 Fortress
19:20 Watch Tower
» items
| Healing Salve | 2 | |
| Lesser Clarity Potion | 2 | |
| Scroll of Speed | 1 | |
| Scroll of Town Portal | 2 | |
| Potion of Healing | 1 | |
8 total
KennedysDAD (
yellow | 19 APM | 497 actions | 26:08)
1 Paladin
1 Holy Light
» actions
| Basic commands | 39 | |
| Build / train | 55 | |
| Enter build submenu | 26 | |
| Enter hero's abilities submenu | 1 | |
| Right click | 75 | |
| Select / deselect | 271 | |
| Use ability | 30 | |
497 total
» units
| Peasant | 9 | |
| Footman | 11 | |
| Rifleman | 20 | |
40 total
» upgrades
» buildings
| Farm | 8 | |
| Altar of Kings | 1 | |
| Barracks | 2 | |
| Lumber Mill | 1 | |
| Blacksmith | 1 | |
| Scout Tower | 9 | |
| Guard Tower | 9 | |
| Keep | 1 | |
32 total
» build order
00:27 Farm
00:38 Altar of Kings
01:07 Barracks
01:26 Lumber Mill
02:12 Farm
03:04 Farm
03:45 Farm
03:55 Barracks
04:24 Blacksmith
04:27 Scout Tower
05:00 Guard Tower
05:03 Farm
05:29 Farm
05:55 Farm
08:10 Keep
09:01 Farm
09:59 Scout Tower
14:09 Guard Tower
14:14 Scout Tower
14:34 Scout Tower
14:51 Guard Tower
15:22 Guard Tower
16:20 Scout Tower
17:42 Scout Tower
18:16 Guard Tower
18:48 Guard Tower
18:53 Scout Tower
19:03 Scout Tower
20:12 Guard Tower
21:01 Scout Tower
21:02 Guard Tower
21:32 Guard Tower
team 2 (winner)
OhItsGoTime (
green | 35 APM | 33 actions | 00:56)
» actions
| Build / train | 6 | |
| Enter build submenu | 5 | |
| Right click | 5 | |
| Select / deselect | 10 | |
| Use ability | 7 | |
33 total
» units
» buildings
| Farm | 1 | |
| Altar of Kings | 1 | |
| Altar of Elders | 2 | |
| Moon Well | 1 | |
5 total
» build order
00:24 Farm
00:36 Altar of Kings
00:42 Altar of Elders
00:44 Moon Well
00:47 Altar of Elders

»
sc2no.wc4yes (
blue | 84 APM | 2193 actions | 26:11)
6 Tauren Chieftain
3 Endurance Aura
1 Shockwave
1 War Stomp
1 Reincarnation
6 Priestess of the Moon
3 Trueshot Aura
2 Searing Arrows
1 Starfall
6 Archmage
2 Summon Water Elemental
3 Brilliance Aura
1 Mass Teleport
6 Death Knight
2 Death Coil
3 Unholy Aura
1 Animate Dead
2 Lich
1 Frost Nova
1 Dark Ritual
» actions
| Assign group hotkey | 42 | |
| Basic commands | 144 | |
| Build / train | 161 | |
| ESC pressed | 4 | |
| Enter build submenu | 80 | |
| Enter hero's abilities submenu | 27 | |
| Right click | 588 | |
| Select / deselect | 531 | |
| Select group hotkey | 452 | |
| Use ability | 164 | |
2193 total
» units
| Peon | 12 | |
| Wisp | 6 | |
| Acolyte | 4 | |
| Peasant | 8 | |
| Ghoul | 2 | |
| Footman | 3 | |
| Grunt | 6 | |
| Crypt Fiend | 7 | |
| Huntress | 5 | |
| Rifleman | 9 | |
| Druid of the Talon | 6 | |
| Shaman | 4 | |
| Troll Witch Doctor | 3 | |
| Dryad | 3 | |
| Chimaera | 4 | |
| Frost Wyrm | 3 | |
| Goblin Shredder | 1 | |
86 total
» upgrades
| Creature Attack | 3 | |
| Creature Carapace | 2 | |
| Gunpowder | 1 | |
| Web | 1 | |
| Shaman Training | 2 | |
| Witch Doctor Training | 2 | |
| Long Rifles | 1 | |
| Nature's Blessing | 1 | |
| Freezing Breath | 1 | |
| Corrosive Breath | 1 | |
| Strength of the Wild | 2 | |
| Reinforced Hides | 1 | |
| Ultravision | 1 | |
| Reinforced Defenses | 1 | |
20 total
» buildings
| Altar of Storms | 1 | |
| Orc Burrow | 12 | |
| Crypt | 2 | |
| Ziggurat | 7 | |
| Barracks | 4 | |
| Voodoo Lounge | 1 | |
| Altar of Darkness | 1 | |
| Graveyard | 1 | |
| Tomb of Relics | 1 | |
| Hunter's Hall | 1 | |
| Farm | 10 | |
| Ancient of War | 2 | |
| Scout Tower | 1 | |
| Moon Well | 11 | |
| Blacksmith | 1 | |
| Arcane Tower | 1 | |
| Stronghold | 1 | |
| Halls of the Dead | 2 | |
| Tree of Ages | 2 | |
| Keep | 2 | |
| Fortress | 1 | |
| Spirit Lodge | 2 | |
| Black Citadel | 2 | |
| Sacrificial Pit | 1 | |
| Tree of Eternity | 1 | |
| Ancient of Wind | 1 | |
| Ancient of Lore | 1 | |
| Boneyard | 3 | |
| Nerubian Tower | 2 | |
| Chimaera Roost | 3 | |
| Castle | 2 | |
| Lumber Mill | 1 | |
| War Mill | 1 | |
| Spirit Tower | 1 | |
| Watch Tower | 8 | |
94 total
» build order
00:09 Altar of Storms
00:15 Orc Burrow
01:02 Crypt
01:03 Ziggurat
01:17 Barracks
01:22 Voodoo Lounge
01:31 Altar of Darkness
01:37 Graveyard
01:38 Tomb of Relics
01:46 Hunter's Hall
01:54 Barracks
01:54 Barracks
01:59 Farm
02:07 Orc Burrow
02:18 Ziggurat
02:23 Ancient of War
02:28 Barracks
02:34 Farm
02:34 Farm
02:37 Scout Tower
02:40 Ancient of War
02:49 Moon Well
02:49 Moon Well
02:58 Blacksmith
03:06 Orc Burrow
03:13 Crypt
03:18 Arcane Tower
03:27 Stronghold
03:59 Farm
03:59 Farm
03:59 Farm
04:04 Moon Well
04:04 Moon Well
04:04 Moon Well
04:18 Farm
04:18 Farm
04:41 Halls of the Dead
04:41 Halls of the Dead
04:52 Tree of Ages
04:52 Tree of Ages
05:37 Ziggurat
05:38 Ziggurat
05:44 Keep
06:11 Moon Well
06:11 Moon Well
06:51 Fortress
06:53 Spirit Lodge
06:53 Spirit Lodge
06:56 Orc Burrow
06:57 Orc Burrow
07:01 Farm
07:02 Farm
07:12 Black Citadel
07:13 Sacrificial Pit
07:39 Orc Burrow
07:49 Tree of Eternity
07:51 Ancient of Wind
07:52 Ancient of Lore
10:02 Boneyard
10:03 Boneyard
10:09 Nerubian Tower
10:09 Nerubian Tower
10:42 Boneyard
12:05 Chimaera Roost
12:06 Chimaera Roost
12:06 Chimaera Roost
12:26 Castle
12:27 Castle
13:25 Lumber Mill
13:27 Orc Burrow
13:28 Orc Burrow
13:28 Orc Burrow
13:29 Orc Burrow
13:50 Orc Burrow
13:50 Orc Burrow
14:13 Ziggurat
14:14 Ziggurat
14:14 Ziggurat
16:42 War Mill
20:02 Moon Well
20:02 Moon Well
20:02 Moon Well
20:03 Moon Well
20:50 Spirit Tower
20:54 Watch Tower
20:54 Watch Tower
20:55 Watch Tower
20:55 Watch Tower
20:56 Watch Tower
20:57 Watch Tower
20:57 Watch Tower
20:57 Watch Tower
» items
| Orb of Corruption | 1 | |
| Scroll of Town Portal | 2 | |
3 total
Chat log
(00:11 / Allies) OhItsGoTime: :(
(00:13 / All) EveryTimeIDie_: best name ive seen blue
(00:21 / All) OhItsGoTime: i agreee blue
(00:46 / All) l337er: teal agrees
(00:49 / All) EveryTimeIDie_: lol
(00:52 / All) EveryTimeIDie_: lol
(00:54 / All) OhItsGoTime: fuck me gg
(01:01 / All) EveryTimeIDie_: sry blue
(01:05 / All) l337er: wad is happen
(01:14 / All) l337er: am i only one still here
(01:17 / All) EveryTimeIDie_: yup
(01:21 / All) l337er: ok i leave then'
(01:24 / All) EveryTimeIDie_: k
(01:29 / All) l337er: when game over!
(01:52 / All) l337er: don't rush me big boy!
(02:30 / All) KennedysDAD: blue are u serious?
(02:38 / All) EveryTimeIDie_: Leave.
(02:43 / All) l337er: NEVER
(03:02 / All) l337er: that's what blue was thinking
(03:07 / All) l337er: i will answer for her
(03:07 / All) sc2no.wc4yes: afk
(03:14 / All) EveryTimeIDie_: leave.
(03:15 / All) EveryTimeIDie_: gg
(03:36 / All) l337er: please turn off your computer, then go afk
(03:40 / All) l337er: thx tho!
(03:53 / All) EveryTimeIDie_: LEAVE
(04:00 / All) l337er: Nope.
(04:42 / All) l337er: me no think she afk
(04:48 / All) l337er: she sneaky
(06:55 / All) chocolord: just leav e homoe
(08:12 / All) chocolord: leave yu totaly lost
(08:17 / All) sc2no.wc4yes: k
(10:55 / All) chocolord: purple lost us the gmae gg
(11:00 / All) sc2no.wc4yes: youre all trash
(11:02 / All) sc2no.wc4yes: easy fucking pickings
(11:03 / All) sc2no.wc4yes: leave
(11:18 / All) chocolord: yeah good jopbp urple u nobo fuck
(11:28 / All) chocolord: 1 vs 4 u str8 tech otoo very late wyvs
(11:34 / All) chocolord: As if
(11:39 / All) sc2no.wc4yes: YOURE
(11:40 / All) sc2no.wc4yes: ALL
(11:40 / All) sc2no.wc4yes: BAD
(11:41 / All) sc2no.wc4yes: PERIOD.
(11:45 / All) chocolord: no am very good
(11:48 / All) chocolord: purple s very bad
(16:09 / All) l337er: ow
(16:49 / All) chocolord: u really have no life oj :D
(19:03 / All) sc2no.wc4yes: PATHETIC
(19:25 / All) chocolord: keep clicking every where nerd ahaha keep rushing
(19:32 / All) chocolord: u must be sweating phatty
(19:37 / All) sc2no.wc4yes: chocolord
(19:41 / All) sc2no.wc4yes: ive told you youre bad before
(19:44 / All) sc2no.wc4yes: but youve never believed me
(19:52 / All) KennedysDAD: give urself some credit blue.
(20:04 / All) KennedysDAD: we arent that bad ur just pretty good ill be honest
(20:07 / All) sc2no.wc4yes: no
(20:08 / All) sc2no.wc4yes: youre fucking bad
(20:12 / All) sc2no.wc4yes: try solo
(20:14 / All) sc2no.wc4yes: if you think im wrong
(20:24 / All) KennedysDAD: so was ur mom last night
(20:30 / All) KennedysDAD: she was real wrong
(20:35 / All) chocolord: hes good cause hes a geek ass nerds with nolife still living at his parents house at 30 virgin gay fuck
(20:43 / All) KennedysDAD: be chica be weh
(21:13 / All) chocolord: hes a dickless fag too sucking cock for internet money
(21:23 / All) sc2no.wc4yes: noob rage
(21:25 / All) sc2no.wc4yes: is what i play thsi game for
(21:30 / All) sc2no.wc4yes: you play it to see neat animations
(21:36 / All) chocolord: ur noob raging ahaha
(21:51 / All) KennedysDAD: lol
(21:54 / All) KennedysDAD: gg blue
(21:58 / All) chocolord: am telling u the truth so u can open ur eyes
(21:59 / All) sc2no.wc4yes: bad game
(22:00 / All) sc2no.wc4yes: too easy
(22:01 / All) sc2no.wc4yes: yawnz
(22:11 / All) KennedysDAD: ill be honest i would like to be that good
(22:26 / All) KennedysDAD: he just smoked all 4 of us
(22:33 / All) chocolord: u mean u would like to have no life
(22:42 / All) sc2no.wc4yes: anyone who beats chocolord has no life
(22:47 / All) chocolord: i smoked 4 ppl 3 times
(22:48 / All) KennedysDAD: i have a life im a highway patrol
(22:50 / All) sc2no.wc4yes: chocolord is at the maximum level of skill
(22:51 / All) chocolord: i got the replays :P
(22:52 / All) sc2no.wc4yes: where you can still have a life
(23:26 / All) l337er: oh noes
(23:35 / All) l337er: gg friends
(23:42 / All) sc2no.wc4yes: bad game
(23:44 / All) sc2no.wc4yes: too easy
(23:46 / All) sc2no.wc4yes: "good rape"
(23:47 / All) KennedysDAD: purple u suck more than anyone
(24:10 / All) sc2no.wc4yes: i have quit games beffore
(24:13 / All) sc2no.wc4yes: because chocolord
(24:14 / All) sc2no.wc4yes: was my allu
(24:15 / All) chocolord: blue ur on auto bs now :D
(24:16 / All) sc2no.wc4yes: hes that bad
(24:25 / All) chocolord: u sure did
(24:33 / All) chocolord: i pla y like one game per month
(24:37 / All) chocolord: i sur eplayed iwth u before
(24:43 / All) sc2no.wc4yes: you have like a 1500 icon liar
(24:47 / All) sc2no.wc4yes: ive seen you a billion times
(25:06 / All) chocolord: havent this game been out for 10 years now?
(25:12 / All) KennedysDAD: i just want to learn to be that good
(25:13 / All) KennedysDAD: lol
(25:14 / All) sc2no.wc4yes: and you still suck this hard?
(25:18 / All) sc2no.wc4yes: thats what you call a slow learner...
(25:30 / All) KennedysDAD: i have been p;laying this game for 5 years
(25:39 / All) KennedysDAD: and still i am not that good
(25:56 / All) sc2no.wc4yes: chocolord is in denial about being a permanoob
(25:59 / All) sc2no.wc4yes: try solo chocolord
(25:59 / All) chocolord: just have no lif elike blue and ull be good
(26:02 / All) sc2no.wc4yes: go 45%